 Dungeon Crawl Stone Soup version 0.30-a0-576-g89cddaab80 (webtiles) character file.

Game seed: 3746508020257402220

2235 zero the Thaumaturge (level 9, -2/52 HPs)
             Began as a Deep Elf Earth Elementalist on Dec 30, 2022.
             Slain by a hornet (11 damage)
             ... on level 7 of the Dungeon.
             The game lasted 00:07:13 (6024 turns).

zero the Thaumaturge (Deep Elf Earth Elementalist)  Turns: 6024, Time: 00:07:13

Health: -2/52      AC:  5    Str:  5    XL:     9   Next: 14%
Magic:  27/33      EV: 15    Int: 25    God:
Gold:   210        SH:  0    Dex: 15    Spells: 21/27 levels left

rFire   . . .      SeeInvis .    G - +2 shortbow (flame)
rCold   . . .      Faith    .    (shield currently unavailable)
rNeg    . . .      Spirit   .    u - +2 robe {Will+}
rPois   .          Reflect  .    (no helmet)
rElec   .          Harm     .    B - +0 cloak
rCorr   .          Rampage  .    (no gloves)
Will    +....                    (no boots)
Stlth   ++                       a - amulet of magic regeneration
HPRegen 0.28/turn                m - ring of magical power
MPRegen 0.63/turn                y - ring of wizardry

@: slowed, very slow
A: no striking features
a: no special abilities


You were on level 7 of the Dungeon.
You visited 1 branch of the dungeon, and saw 7 of its levels.

You collected 418 gold pieces.
You spent 208 gold pieces at shops.

Inventory:

Hand Weapons
 q - a +2 dire flail of holy wrath
 v - a +2 whip of freezing
 G - a +2 shortbow of flaming (weapon)
Armour
 s - a +0 robe of fire resistance
 u - a +2 robe of willpower (worn)
 B - a +0 cloak (worn)
Jewellery
 a - an amulet of magic regeneration (around neck)
 m - a ring of magical power (left hand)
 y - a ring of wizardry (right hand)
 F - a ring of positive energy
Wands
 A - a wand of iceblast (13)
 D - a wand of mindburst (13)
 E - a wand of acid (10)
Scrolls
 c - a scroll of blinking {unknown}
 d - a scroll of fog {unknown}
 e - 3 scrolls of fear {unknown}
 g - 3 scrolls of identify {unknown}
 j - 2 scrolls of enchant armour {unknown}
 k - 2 scrolls of immolation {unknown}
 p - 3 scrolls of teleportation {unknown}
 r - 2 scrolls of enchant weapon {unknown}
 t - 2 scrolls of acquirement {unknown}
 C - a scroll of poison {unknown}
Potions
 b - 2 potions of magic
 f - 6 potions of curing
 h - 2 potions of degeneration {unknown}
 i - 2 potions of lignification {unknown}
 l - a potion of cancellation {unknown}
 n - 2 potions of mutation {unknown}
 o - 2 potions of heal wounds {unknown}
 w - 2 potions of haste {unknown}
 x - a potion of invisibility {unknown}
 z - a potion of flight {unknown}


   Skills:
 + Level 3.9 Fighting
 - Level 1.0 Ranged Weapons
 + Level 6.4 Dodging
 - Level 2.4 Stealth
 * Level 9.6 Spellcasting
 + Level 5.1 Conjurations
 - Level 1.1 Transmutations
 + Level 6.2 Earth Magic


You had 21 spell levels left.
You knew the following spells:

 Your Spells              Type           Power      Damage    Failure   Level
a - Sandblast             Erth           86%        2d18      1%          1
b - Stone Arrow           Conj/Erth      80%        3d12      1%          3
c - Passwall              Tmut/Erth      25%        N/A       1%          2

Your spell library contained the following spells:

 Spells                   Type           Power      Damage    Failure   Level
 Slow                     Hex            48%        N/A       2%          1
 Ensorcelled Hibernation  Hex/Ice        24%        N/A       3%          2
 Spider Form              Tmut/Pois      14%        N/A       4%          3
 Petrify                  Tmut/Erth      30%        N/A       4%          4
 Confusing Touch          Hex            12%        N/A       6%          3
 Gell's Gravitas          Tloc           12%        N/A       6%          3
 Lesser Beckoning         Tloc           24%        N/A       6%          3
 Teleport Other           Tloc           12%        N/A       6%          3
 Tukima's Dance           Hex            12%        N/A       6%          3
 Vampiric Draining        Necr           12%        2d6       6%          3
 Anguish                  Hex/Necr       6%         N/A       21%         4
 Passage of Golubria      Tloc           12%        N/A       21%         4
 Yara's Violent Unravell  Hex/Tmut       7%         3d5       41%         5
 Summon Forest            Summ/Tloc      6%         N/A       47%         5
 Eringya's Noxious Bog    Tmut/Pois      7%         N/A       91%         6
 Summon Hydra             Summ           6%         N/A       100%        7


Dungeon Overview and Level Annotations

Branches:
Dungeon (7/15)             Temple (0/1) D:7

Altars:
Dithmenos
Kikubaaqudgha
Makhleb
Ru
Uskayaw

Shops:
D:6 (

Annotations:
D:2 1 runed translucent door, Crazy Yiuf


Message History

The hornet is moderately wounded.
You shoot an arrow. The arrow hits the hornet.
The arrow burns the hornet.
The hornet is heavily wounded.
The hornet stings you!
You suddenly lose the ability to move!
The hornet stings you!
You feel yourself slow down. The hornet stings you!
You are poisoned.
You feel as though you will be slow longer.
The hornet stings you but does no damage.
You can move again.
Casting: Stone Arrow (safe; 1% risk of failure)
Confirm with . or Enter, or press ? or * to list all spells.
Aiming: Stone Arrow (safe; 1% risk of failure)
Press: ? - help, Shift-Dir - straight line, f/p - hornet
Aim: a hornet (heavily wounded, 64% to hit)
The stone arrow hits the hornet!
The hornet is severely wounded.
You feel very sick. The hornet closely misses you. x2
Casting: Stone Arrow (safe; 1% risk of failure)
Confirm with . or Enter, or press ? or * to list all spells.
Aiming: Stone Arrow (safe; 1% risk of failure)
Press: ? - help, Shift-Dir - straight line, f/p - hornet
Aim: a hornet (severely wounded, 64% to hit)
The stone arrow misses the hornet.
You feel sick. The hornet barely misses you. The hornet misses you.
Casting: Stone Arrow (safe; 1% risk of failure)
Confirm with . or Enter, or press ? or * to list all spells.
Aiming: Stone Arrow (safe; 1% risk of failure)
Press: ? - help, Shift-Dir - straight line, f/p - hornet
Aim: a hornet (severely wounded, 64% to hit)
The stone arrow hits the hornet.
The hornet is severely wounded.
You feel yourself speed up.
You feel sick. The hornet closely misses you. The hornet stings you!
* * * LOW HITPOINT WARNING * * *
You feel yourself slow down.
The hornet stings you but does no damage.
It was a potion of curing.
You feel better. The hornet stings you!
You die...

...... #..... ##
#.##.# ... ##.##.##
# ._.. ...... .
..... #.##.# .#
......##.##.##.###
.⌠.._.y@.........##
......#.###........
........# #.####.##
.....#### #........
...# #.####.## ..
##### #.# #
§~~)..##.# ##
§~~~.).).# ..#
§§§§§.##.# #.# #


You could see a hornet.

Vanquished Creatures
  Pikel (D:4)
  Edmund (D:4)
  A water moccasin (D:7)
  An ice beast (D:5)
  A black bear (D:6)
  5 ogres
  A necrophage (D:5)
  3 scorpions
  A howler monkey (D:6)
  A gnoll bouda (D:5)
  4 hounds
  2 jellies (D:6)
  3 orc priests
  Natasha (thrice) (D:4)
  An iguana (D:4)
  4 orc wizards
  9 adders
  A white imp (D:6)
  2 ufetubi (D:5)
  2 worms
  2 dart slugs
  22 orcs
  5 ball pythons
  5 endoplasms
  3 giant cockroaches
  12 hobgoblins
  2 jackals (D:1)
  5 kobolds
  3 quokkas
  3 bats
  3 frilled lizards
  14 goblins
  3 rats
129 creatures vanquished.

Notes
Turn   | Place    | Note
-------+----------+-------------------------------------------
     0 | D:1      | zero the Deep Elf Earth Elementalist began the quest for
                  | the Orb.
     0 | D:1      | Reached XP level 1. HP: 10/10 MP: 6/6
    92 | D:1      | Reached XP level 2. HP: 16/16 MP: 1/8
   155 | D:1      | Learned a level 2 spell: Passwall
   796 | D:1      | Reached XP level 3. HP: 20/20 MP: 8/10
   800 | D:1      | Learned a level 3 spell: Stone Arrow
   987 | D:2      | Reached skill level 1 in Conjurations
  1016 | D:2      | Reached skill level 4 in Spellcasting
  1171 | D:2      | Reached skill level 1 in Fighting
  1171 | D:2      | Reached XP level 4. HP: 25/25 MP: 10/12
  1659 | D:2      | Found a runed translucent door.
  1660 | D:2      | Noticed Crazy Yiuf
  1731 | D:3      | Noticed an ogre
  1946 | D:3      | Noticed a +0 spear
  1946 | D:3      | Noticed a +0 spear
  1954 | D:3      | Reached XP level 5. HP: 29/29 MP: 8/14
  1980 | D:3      | Noticed a +0 dagger
  1997 | D:3      | Killed an ogre
  1998 | D:3      | Reached skill level 5 in Spellcasting
  2104 | D:3      | Noticed a +0 short sword
  2104 | D:3      | Noticed a +0 dagger
  2110 | D:3      | Found a hide-covered altar of Uskayaw.
  2110 | D:3      | Noticed a +0 falchion
  2110 | D:3      | Noticed a +0 falchion
  2112 | D:3      | Noticed a +0 short sword
  2780 | D:4      | Reached XP level 6. HP: 29/35 MP: 16/16
  2976 | D:4      | Noticed Edmund
  2986 | D:4      | Killed Edmund
  2987 | D:4      | Reached skill level 6 in Spellcasting
  3107 | D:4      | Found a burning altar of Makhleb.
  3309 | D:4      | Noticed Natasha
  3312 | D:4      | Killed Natasha
  3313 | D:4      | Reached XP level 7. HP: 40/40 MP: 18/18
  3348 | D:4      | Noticed Pikel
  3355 | D:4      | Killed Pikel
  3356 | D:4      | Reached skill level 5 in Dodging
  3356 | D:4      | Reached skill level 7 in Spellcasting
  3356 | D:4      | Reached skill level 5 in Earth Magic
  3410 | D:4      | Noticed Natasha
  3411 | D:4      | Killed Natasha
  3412 | D:4      | Reached XP level 8. HP: 44/45 MP: 21/21
  3439 | D:4      | Noticed Natasha
  3442 | D:4      | Killed Natasha
  3852 | D:5      | Entered Level 5 of the Dungeon
  3946 | D:5      | Reached skill level 8 in Spellcasting
  4463 | D:5      | Found a sacrificial altar of Ru.
  4912 | D:6      | Reached skill level 9 in Spellcasting
  5353 | D:6      | Reached XP level 9. HP: 52/52 MP: 24/24
  5624 | D:6      | Found Lidaal's Weapon Shoppe.
  5632 | D:6      | Bought a +2 shortbow of flaming for 208 gold pieces
  5901 | D:7      | Reached skill level 5 in Conjurations
  5974 | D:7      | Reached skill level 1 in Ranged Weapons
  6001 | D:7      | Found a staircase to the Ecumenical Temple.
  6009 | D:7      | Found a shadowy altar of Dithmenos.
  6014 | D:7      | Found an ancient bone altar of Kikubaaqudgha.
  6018 | D:7      | Paralysed by a hornet for 3 turns
  6024 | D:7      | Slain by a hornet

Illustrated notes

Levels and vault maps discovered:
D:1:      dpeg_arrival_prison, layout_loops_ring
D:2:      layout_basic, kennysheep_generic_room_3, uniq_crazy_yiuf_cottage
D:3:      layout_loops_ring, nicolae_uskayaw_en_pointe, minmay_ogre_servants
D:4:      layout_rooms, mainiacjoe_overflow_surrounded_room, minmay_pentangle,
          uniq_edmund, uniq_natasha, uniq_pikel
D:5:      layout_loops_corners, general_overflow_altar,
          minmay_increasing_density
D:6:      layout_layer_cave, serial_shops, nicolae_shop_bloodbath_and_beyond
D:7:      layout_loops_ring, nicolae_overflow_crystal_walls,
          grunt_temple_overflow_open, minmay_temple_entry_mist

Skill      XL: |  1  2  3  4  5  6  7  8  9 |
---------------+----------------------------+-----
Conjurations   | 1 2 3 4 5 |  5.1
Dodging        | 3 4 5 6 |  6.4
Spellcasting   | 4 5 6 7 9 |  9.6
Fighting       | 1 2 3 |  3.9
Earth Magic    | 4 5 6 |  6.2
Ranged Weapons | 1 |  1.0
Stealth        | |  2.4
Transmutations | |  1.1

Action                   |  1- 3 |  4- 6 |  7- 9 || total
-------------------------+-------+-------+-------++-------
Melee: Dagger            |     9 |     8 |       ||    17
       Whip              |       |       |     7 ||     7
 Fire: Shortbow          |       |       |    19 ||    19
 Cast: Sandblast         |    37 |    72 |    55 ||   164
       Stone Arrow       |       |    12 |    31 ||    43
  Use: Potion            |       |       |     1 ||     1
Armor: Robe              |     5 |     6 |    12 ||    23
Dodge: Dodged            |    27 |    34 |    32 ||    93

Table legend: (Time is in decaauts)
 A = Elapsed time spent in this place.
 B = Non-inter-level travel time spent in this place.
 C = Inter-level travel time spent in this place.
 D = Time resting spent in this place.
 E = Time spent auto-exploring this place.
 F = Levels seen in this place.
 G = Mean time per level.
                   A        B        C        D        E       F      G
               +--------+--------+--------+--------+--------+-----+--------+
         Total |   6113 |   5945 |    168 |    634 |   4544 |   7 |  873.3 |
       Dungeon |   6113 |   5945 |    168 |    634 |   4544 |   7 |  873.3 |
               +--------+--------+--------+--------+--------+-----+--------+

Top non-repeatable levels by time:
     D:4: 1092 daAuts
     D:5: 1058 daAuts
     D:6: 1009 daAuts
     D:1: 952 daAuts
     D:2: 932 daAuts
     D:3: 930 daAuts
     D:7: 137 daAuts
